Map: Ulrena

Players

mycerion - Winner!

  • Race: Terran Terran
  • League: Master

Miszu

  • Race: Terran Terran
  • League: Master

VOD

Have the link to the VOD?

Description

Time

  • Played on: May 2, 2016, 8:53 a.m.
  • Length: 14:28
Show
View Real Time Build Order
Export as new Build Order

mycerion Terran - Winner!

Build Orders: 1/1/1, MMM Bio 

Get SALT Encoding   

  12  0:00  SCV  
  13  0:13  SCV  
  14  0:17  Supply Depot  
  14  0:25  SCV  
  14  0:28  Refinery  
  15  0:39  SCV  
  16  0:45  Barracks  
  16  0:51  SCV  
  17  1:03  SCV  
  18  1:15  SCV  
  19  1:32  Marine, Orbital Command  
  20  1:33  Factory  
  20  1:44  Supply Depot  
  20  1:50  Barracks Tech Lab  
  20  1:59  SCV  
  21  2:11  SCV  
  21  2:14  Marine  
  23  2:17  Starport, Hellion  
  24  2:24  SCV  
  25  2:30  Supply Depot  
  25  2:33  Marine  
  25  2:36  SCV  
  27  2:38  Hellion  
  29  2:47  Supply Depot  
  29  2:48  SCV  
  30  2:54  Banshee  
  33  3:00  SCV  
  33  3:03  Hellion  
  33  3:04  Marine  
  37  3:12  SCV  
  38  3:22  Marine  
  38  3:24  Supply Depot, Hellion  
  41  3:34  SCV  
  41  3:37  Viking  
  41  3:40  Barracks Reactor  
  44  3:45  Refinery  
  44  3:46  Hellion, SCV  
  47  4:11  Command Center  
  47  4:21  Starport Reactor  
  47  4:32  SCV  
  47  4:34  Marine x2, Siege Tank  
  50  4:43  Supply Depot  
  50  4:44  Supply Depot  
  50  4:54  Barracks x2  
  50  4:56  Supply Depot  
  50  5:08  SCV  
  50  5:09  Marine x2  
  47  5:20  SCV  
  39  5:24  Siege Tank  
  39  5:26  Medivac  
  42  5:35  Orbital Command  
  42  5:40  Medivac  
  44  5:45  SCV  
  44  5:46  Refinery  
  45  5:51  Marine  
  45  5:52  Refinery  
  45  5:53  Barracks Tech Lab x2  
  46  5:58  SCV  
  46  6:00  Marine  
  46  6:02  SCV  
  49  6:07  Supply Depot  
  49  6:10  SCV  
  50  6:14  Supply Depot  
  50  6:15  Marine x3  
  50  6:17  SCV  
  54  6:22  Siege Tank  
  54  6:23  SCV  
  58  6:29  Engineering Bay, Marine  
  59  6:39  SCV  
  60  6:41  SCV  
  55  6:51  Marine x2, SCV  
  55  6:52  Marine x2, Combat Shields  
  55  6:53  Stimpack  
  50  6:55  Medivac  
  50  6:56  Terran Infantry Weapons Level 1  
  52  7:02  Siege Tank  
  52  7:07  SCV  
  56  7:08  SCV  
  56  7:09  Marine x2  
  56  7:14  Marine x2  
  61  7:21  SCV x2  
  63  7:27  Marine x2  
  65  7:32  Marine  
  66  7:37  Marine  
  66  7:41  SCV  
  64  7:45  Marine x2  
  55  7:52  SCV  
  55  7:55  Marine x2  
  55  7:58  Medivac x2, Siege Tank  
  54  8:02  Marine  
  54  8:03  Marine  
  54  8:05  SCV  
  56  8:13  Marine x2  
  47  8:20  Marine  
  47  8:21  Marine  
  47  8:23  SCV  
  38  8:29  SCV  
  38  8:31  Marine x2  
  39  8:38  Marine x2  
  41  8:48  SCV  
  42  8:49  Marine  
  42  8:53  Marine, SCV  
  43  8:56  Marine  
  43  9:00  SCV  
  43  9:01  Marine  
  46  9:05  SCV  
  46  9:06  Marine  
  48  9:12  SCV  
  49  9:18  Marine x2, SCV  
  50  9:26  Marine x2, Siege Tank, SCV  
  50  9:30  SCV  
  53  9:37  Marine  
  53  9:38  SCV  
  53  9:44  SCV  
  53  9:45  Marine x2  
  54  9:49  Marine  
  54  9:50  SCV  
  55  10:02  Marine x2, Medivac x2  
  61  10:15  Marine  
  61  10:16  Marine, Siege Tank  
  61  10:19  Marine  
  67  10:21  Terran Infantry Armor Level 1  
  67  10:27  Marine  
  68  10:37  Command Center  
  68  10:48  Marine x2  
  68  10:49  Marine x2  
  72  10:55  Medivac x2  
  76  10:58  Barracks  
  76  10:59  Barracks  
  76  11:04  Siege Tank  
  69  11:06  Marine x2  
  69  11:08  Marine x2  
  73  11:11  SCV x2  
  75  11:22  Armory  
  75  11:24  Marine  
  76  11:32  Marine x2  
  78  11:35  Marine, SCV  
  79  11:40  Medivac  
  79  11:41  Marine  
  80  11:49  Marine  
  80  11:50  Marine  
  81  11:54  SCV  
  81  11:56  Marine  
  81  12:00  Marine x2  
  83  12:06  Marine  
  83  12:07  Siege Tank  
  77  12:11  SCV x2  
  79  12:15  Medivac  
  79  12:20  Marine x2  
  79  12:22  Barracks Reactor  
  83  12:28  Marine x2  
  83  12:39  Sensor Tower  
  83  12:49  Medivac x2  
  87  12:56  Marine x3  
  89  13:04  Marine x3  
  91  13:12  Marine  
  92  13:14  Marine  
  92  13:18  Marine  
  75  13:43  Marine x3, SCV  
  75  13:46  Marine x2, Siege Tank  
  71  13:50  Marine, Planetary Fortress  
  71  13:54  Barracks Reactor  
  66  13:58  SCV  
  66  14:00  Engineering Bay  
  66  14:01  Marine x3  
  69  14:03  Marine  
  69  14:08  Sensor Tower  
Show
View Real Time Build Order
Export as new Build Order

Miszu Terran 

Build Orders: 1/1/1, MMM Bio 

Get SALT Encoding   

  12  0:00  SCV  
  13  0:12  SCV  
  14  0:17  Supply Depot  
  14  0:26  Refinery  
  14  0:28  SCV  
  15  0:41  SCV  
  16  0:46  Barracks  
  16  0:53  SCV  
  17  1:02  Refinery  
  17  1:06  SCV  
  18  1:18  SCV  
  19  1:32  Orbital Command  
  19  1:33  Reaper  
  19  1:38  Factory  
  20  1:48  Supply Depot  
  20  1:58  SCV  
  22  2:11  SCV  
  23  2:22  Starport, Hellion  
  25  2:23  SCV  
  26  2:32  Supply Depot  
  26  2:35  SCV  
  26  2:36  Reaper  
  29  2:44  Hellion  
  29  2:47  SCV  
  30  2:58  Medivac  
  30  3:03  SCV  
  33  3:05  Factory Tech Lab  
  33  3:13  Barracks Tech Lab  
  33  3:20  SCV  
  34  3:28  Command Center  
  34  3:34  Supply Depot  
  34  3:37  SCV  
  35  3:45  Raven  
  37  3:52  SCV  
  37  3:55  Cyclone  
  41  3:57  Supply Depot  
  41  4:04  SCV  
  42  4:16  SCV  
  32  4:28  SCV  
  33  4:36  Siege Tank  
  33  4:37  Barracks Reactor  
  36  4:40  SCV  
  36  4:45  Orbital Command  
  37  4:52  Viking  
  38  4:58  SCV  
  39  5:10  SCV  
  37  5:22  SCV  
  37  5:25  SCV  
  38  5:31  Siege Tank  
  38  5:34  SCV  
  42  5:37  SCV  
  43  5:43  Viking  
  43  5:46  SCV  
  43  5:49  Marine  
  47  5:50  SCV  
  48  5:58  SCV  
  48  6:02  SCV  
  48  6:03  Medivac  
  52  6:10  SCV  
  53  6:11  Barracks  
  53  6:12  Barracks  
  53  6:14  SCV  
  53  6:16  Refinery  
  54  6:19  Refinery  
  54  6:20  Viking  
  54  6:23  SCV  
  54  6:25  Supply Depot  
  57  6:26  Marine  
  57  6:27  SCV  
  59  6:33  Viking  
  59  6:35  SCV  
  59  6:51  SCV  
  59  6:52  Marine  
  59  6:53  Viking  
  59  6:59  Stimpack, SCV  
  60  7:02  Supply Depot  
  60  7:04  Supply Depot  
  60  7:06  Barracks Reactor x2  
  60  7:09  Marine  
  60  7:10  SCV  
  62  7:18  Engineering Bay  
  62  7:19  Barracks x2  
  62  7:27  Marine  
  62  7:45  Marine  
  62  7:48  Marine  
  60  7:56  Marine x2  
  60  7:57  Marine  
  60  7:58  SCV  
  59  7:59  SCV  
  59  8:03  Marine, Siege Tank  
  60  8:05  Marine  
  60  8:10  SCV  
  60  8:11  SCV  
  60  8:14  Marine x2  
  60  8:22  SCV  
  60  8:23  SCV  
  56  8:33  Marine x4  
  56  8:34  Marine  
  49  8:50  Marine  
  49  8:51  Marine x4  
  54  8:58  SCV x2  
  56  9:03  Terran Infantry Weapons Level 1  
  56  9:06  Siege Tank  
  56  9:08  Marine x2  
  56  9:28  SCV x2  
  56  9:29  Marine  
  55  9:33  Marine  
  54  9:38  Siege Tank  
  54  9:40  SCV  
  54  9:42  SCV  
  58  9:52  SCV  
  57  9:55  SCV  
  57  9:59  Medivac  
  58  10:02  Medivac  
  58  10:04  SCV  
  58  10:07  SCV  
  61  10:10  Marine  
  62  10:17  Barracks Reactor, SCV  
  62  10:19  Siege Tank, SCV  
  67  10:28  Combat Shields  
  67  10:29  Medivac, SCV  
  67  10:31  SCV  
  71  10:39  Marine x6  
  71  10:41  SCV  
  78  10:43  SCV  
  79  10:52  Supply Depot, Marine  
  79  10:53  Supply Depot, Marine  
  78  10:57  Marine x2  
  75  11:09  Marine x3  
  75  11:10  Marine, Siege Tank  
  75  11:11  Marine  
  83  11:12  Medivac  
  83  11:13  Medivac  
  83  11:16  SCV x2  
  90  11:19  Supply Depot  
  90  11:21  Marine  
  90  11:22  Supply Depot  
  90  11:28  SCV  
  67  11:49  Marine x2  
  67  11:50  Marine x5  
  71  12:02  Marine  
  71  12:07  Marine x5  
  71  12:08  Marine  
  75  12:20  Marine  
  76  12:25  Marine x2  
  76  12:26  Siege Tank  
  81  12:43  Marine  
  82  12:44  Marine x2  
  82  12:46  Medivac x2  
  88  12:55  Marine  
  89  13:02  Marine  
  89  13:04  Command Center  
  86  13:22  Marine  
  86  13:23  Marine x6  
  92  13:40  Marine x3  
  92  13:41  Marine  
  69  13:54  Marine  
  69  13:55  Medivac x2, Siege Tank  
  71  13:59  Marine x2  
  71  14:00  Marine x3  
  76  14:03  Marine  
Tags
 
Composition
MMM BioMMM Bio
Matchup
TvT
Opening
1/1/11/1/1
Race
Terran
Add a new tag
Caveats
  • Supply blocks, unpowered buildings, or Contaminate may cause inaccurate times.
  • Supply counts are checked every 10 seconds.